 Dungeon Crawl Stone Soup version 0.18-a0-1788-g92de1ac (webtiles) character file.

2305 Scytalen the Martial Artist (level 9, -1/43 HPs)
             Began as a Vine Stalker Monk on Apr 20, 2016.
             Was a Priest of Fedhas.
             Slain by Ijustatesigmund's ghost (23 damage)
             ... in a bailey.
             The game lasted 00:21:55 (6479 turns).

Scytalen the Martial Artist (Vine Stalker Monk)     Turns: 6479, Time: 00:21:55

Health: -1/43      AC:  6    Str: 20    XL:     9   Next: 40%
Magic:  0/10       EV: 13    Int: 10    God:    Fedhas [***...]
Gold:   290        SH:  0    Dex: 19    Spells: 0 memorised, 8 levels left

rFire  + . .     SeeInvis +       - Unarmed
rCold  . . .     Gourm    .     v - +1 robe {rF+}
rNeg   + . .     Faith    .     (no shield)
rPois  .         Spirit   +     (no helmet)
rElec  .         Dismiss  .     a - +2 cloak
rCorr  .         Reflect  .     (no gloves)
SustAt .         Harm     .     (no boots)
MR     +....                    (no amulet)
Stlth  ++++......               i - ring of positive energy
                                s - ring of see invisible

@: mighty, somewhat resistant to hostile enchantments, stealthy
A: fangs 3, regeneration 2, magic shield, antimagic bite, no device heal 3, rot
immunity
a: Evolution, Sunlight, Growth, Renounce Religion


You were in a bailey.
You worshipped Fedhas.
Fedhas was most pleased with you.
You were not hungry.

You visited 1 branch of the dungeon, and saw 8 of its levels.
You also visited: Ossuary and Bailey.

You collected 290 gold pieces.

Inventory:

Missiles
 d - 173 stones (quivered)
 m - 15 poisoned needles
 q - 3 tomahawks
Armour
 a - a +2 cloak (worn)
 v - a +1 robe of fire resistance (worn)
Jewellery
 i - a ring of positive energy (right hand)
 s - a ring of see invisible (left hand)
Scrolls
 c - 2 scrolls of fog {unknown}
 e - a scroll of fear {unknown}
 g - 2 scrolls of remove curse {unknown}
 l - 2 scrolls of random uselessness {unknown}
 r - 3 scrolls of enchant armour {unknown}
 t - 2 scrolls of amnesia
 u - 2 scrolls of teleportation {unknown}
 w - 2 scrolls of noise {unknown}
 D - a scroll of blinking {unknown}
Potions
 h - 2 potions of mutation
 j - a potion of might
 k - a potion of berserk rage
 x - 2 potions of cancellation
 z - 3 potions of curing
 E - 2 potions of flight
 F - 2 potions of lignification
Books
 o - a book of the Dragon

   Spells                             Type                      Level
   a - Flame Tongue                   Conjuration/Fire             1
   b - Cause Fear                     Hexes                        4
   c - Bolt of Fire                   Conjuration/Fire             6
   d - Dragon Form                    Transmutation                7
   e - Dragon's Call                  Summoning                    9
 y - a book of Annihilations

   Spells                             Type                      Level
   a - Poison Arrow                   Conjuration/Poison           6
   b - Chain Lightning                Conjuration/Air              8
   c - Lehudib's Crystal Spear        Conjuration/Earth            8
   d - Glaciate                       Conjuration/Ice              9
   e - Fire Storm                     Conjuration/Fire             9
 B - an Akashic Record

   Spells                             Type                      Level
   a - Dispersal                      Translocation                6
   b - Malign Gateway                 Summoning/Translocation      7
   c - Disjunction                    Translocation                8
   d - Controlled Blink               Translocation                8
 C - a Young Poisoner's Handbook

   Spells                             Type                      Level
   a - Sting                          Conjuration/Poison           1
   b - Cure Poison                    Poison                       2
   c - Mephitic Cloud                 Conjuration/Poison/Air       3
   d - Olgreb's Toxic Radiance        Poison                       4
   e - Venom Bolt                     Conjuration/Poison           5
Comestibles
 b - 7 bread rations
 f - 4 fruits
 n - 4 meat rations
 p - 2 beef jerkies
 A - 5 chunks of flesh


   Skills:
 - Level 2.6 Fighting
 - Level 2.4 Dodging
 + Level 9.4 Stealth
 * Level 10.8 Unarmed Combat


You had 8 spell levels left.
You didn't know any spells.

Dungeon Overview and Level Annotations

Branches:
Dungeon (8/15)             Temple (0/1) D:7
   Lair: D:8-11

Altars:
Fedhas
Gozag
Makhleb
Pakellas
Sif Muna
Vehumet
Xom
Yredelemnul

Annotations:
D:7 Joseph Bailey Ijustatesigmund's ghost, novice TrHu


Innate Abilities, Weirdness & Mutations

You have razor-sharp teeth.
You heal very quickly.
When hurt, damage is shared between your health and your magic reserves.
Your bite disrupts and absorbs the magic of your enemies.
Potions and wands cannot restore your health.
You are immune to rotting.


Message History

Your bite misses Ijustatesigmund's ghost.
Ijustatesigmund's ghost is moderately damaged.
Ijustatesigmund's ghost hits you!
You take 7 damage, and have 24/43 hp.
You now have 8/10 mp.
You closely miss Ijustatesigmund's ghost.
You punch Ijustatesigmund's ghost!
Ijustatesigmund's ghost is moderately damaged.
Ijustatesigmund's ghost whispers, "The ORB doesn't exist."
Ijustatesigmund's ghost hits you.
You take 3 damage, and have 21/43 hp.
You now have 6/10 mp.
You hit Ijustatesigmund's ghost.
Your punch misses Ijustatesigmund's ghost.
Your bite misses Ijustatesigmund's ghost.
Ijustatesigmund's ghost is heavily damaged.
You punch Ijustatesigmund's ghost!
Ijustatesigmund's ghost is heavily damaged.
Ijustatesigmund's ghost hits you!!
Ouch! That really hurt!
You die...
Fedhas appreciates your contribution to the ecosystem.

#######
##.....##
#...@...#
#...W...#
##..∩..##
##+++##


You could see Ijustatesigmund's ghost.

Vanquished Creatures
  An ice beast (D:5)
  An orc warrior (D:7)
  A sky beast (D:7)
  A phantom (D:6)
  3 ogres
  5 centaurs
  An elf zombie (Ossuary)
  A big kobold (D:7)
  A giant frog (D:6)
  A scorpion (D:6)
  3 crimson imps
  2 human zombies (Ossuary)
  3 hounds
  2 centaur zombies (Ossuary)
  An orc priest (D:5)
  2 iguanas
  4 orc wizards
  3 worker ants (D:5)
  A killer bee zombie (D:5)
  3 mummies
  4 adders
  6 gnolls
  2 shadow imps
  An adder skeleton (D:5)
  An adder zombie (Ossuary)
  2 worms (D:3)
  2 dart slugs
  7 giant geckos
  12 orcs
  A ball python (D:5)
  6 bats
  10 giant cockroaches
  5 hobgoblins
  4 jackals (D:7)
  4 quokkas
  8 giant newts
  12 goblins
  9 hobgoblin zombies (Ossuary)
  2 jackal zombies (Ossuary)
  4 kobolds
  12 kobold zombies (Ossuary)
  8 orc zombies (Ossuary)
  A quokka skeleton (D:7)
  A quokka zombie (D:4)
  9 rats
  A spectral orc (D:3)
174 creatures vanquished.

Vanquished Creatures (collateral kills)
  An orc warrior (D:6)
  An ogre (D:5)
  A crimson imp (D:7)
  A jelly (D:7)
  3 orc wizards
  An adder (D:7)
  5 orcs
  A kobold (D:7)
14 creatures vanquished.

Vanquished Creatures (others)
  An orc wizard (D:5)
  69 toadstools
70 creatures vanquished.

Grand Total: 258 creatures vanquished

Notes
Turn   | Place    | Note
--------------------------------------------------------------
     0 | D:1      | Scytalen the Vine Stalker Monk began the quest for the Orb.
     0 | D:1      | Reached XP level 1. HP: 11/11 MP: 2/2
   231 | D:1      | Reached XP level 2. HP: 12/16 MP: 1/3
   927 | D:2      | Reached XP level 3. HP: 19/19 MP: 4/4
  1565 | D:2      | Found a radiant altar of Vehumet.
  1791 | D:3      | Reached skill level 5 in Unarmed Combat
  1821 | D:3      | Found an opulent altar of Gozag.
  1922 | D:3      | Reached XP level 4. HP: 14/23 MP: 3/5
  1981 | D:3      | Found an oddly glowing altar of Pakellas.
  2173 | D:3      | Found a blossoming altar of Fedhas.
  2183 | D:3      | Became a worshipper of Fedhas Madash
  2183 | D:3      | Reached * piety under Fedhas
  2183 | D:3      | Reached ** piety under Fedhas
  2290 | D:3      | Found a burning altar of Makhleb.
  2290 | D:3      | Found a shimmering altar of Xom.
  2303 | D:3      | Reached XP level 5. HP: 18/27 MP: 6/6
  2474 | D:3      | Found a basalt altar of Yredelemnul.
  2706 | D:4      | Reached skill level 6 in Unarmed Combat
  2741 | D:4      | Gained mutation: You heal very quickly. [Vine Stalker growth]
  2741 | D:4      | Reached XP level 6. HP: 14/32 MP: 4/7
  2907 | D:4      | Reached skill level 5 in Stealth
  3070 | D:4      | Reached skill level 7 in Unarmed Combat
  3150 | D:5      | Entered Level 5 of the Dungeon
  3301 | D:5      | Reached XP level 7. HP: 35/35 MP: 8/8
  3308 | D:5      | Found a deep blue altar of Sif Muna.
  3886 | D:5      | Reached skill level 8 in Unarmed Combat
  4227 | D:5      | Gained mutation: You have razor-sharp teeth. [Vine Stalker growth]
  4227 | D:5      | Reached XP level 8. HP: 34/39 MP: 6/9
  4456 | D:6      | Reached skill level 9 in Unarmed Combat
  5171 | D:7      | Reached *** piety under Fedhas
  5212 | D:7      | Reached skill level 10 in Unarmed Combat
  5212 | D:7      | Reached XP level 9. HP: 38/43 MP: 10/10
  5219 | D:7      | Found a staircase to the Ecumenical Temple.
  5391 | D:7      | Found a sand-covered staircase.
  5399 | Ossuary  | Entered an ossuary
  6087 | D:7      | Noticed Joseph
  6449 | D:8      | Found a flagged portal.
  6473 | Bailey   | Entered a bailey
  6473 | Bailey   | Noticed Ijustatesigmund's ghost (novice TrHu)
  6479 | Bailey   | Slain by Ijustatesigmund's ghost

Vault maps used:
D:1:      sevenhm_arrival_forest_fort_large_3
D:2:      fiery_altar_vehumet
D:3:      grunt_temple_overflow_champion_of_chaos, grunt_gozag_breadcrumbs,
          yredelemnul_forgotten_temple_becter, lemuel_coloured_pillars_altar,
          grunt_pakellas_salt, kennysheep_generic_room_13
D:5:      led_sif_book, first_bread, minivault_4
D:7:      minmay_temple_entry_poolview, gup_ossuary_entry_pyramid, uniq_joseph
D:8:      enter_bailey_3, uniq_erolcha
Ossuary:  ossuary_tomb_1
Bailey:   bailey_axe_3, bailey

Skill      XL: |  1  2  3  4  5  6  7  8  9 |
---------------+----------------------------+-----
Stealth        | 3 4 5 6 8 9 |  9.4
Unarmed Combat | 5 6 7 8 10 | 10.8
Fighting       | |  2.6
Dodging        | |  2.4

Action                   |  1- 3 |  4- 6 |  7- 9 || total
-------------------------+-------+-------+-------++-------
Melee: Unarmed           |   101 |   100 |   306 ||   507
       Bite              |    22 |    26 |    94 ||   142
       Punch             |     1 |     1 |    19 ||    21
Throw: Tomahawk          |     9 |     1 |     1 ||    11
       Stone             |     2 |       |    73 ||    75
Invok: Evolution         |       |     2 |       ||     2
       Sunlight          |       |       |     1 ||     1
  Use: Scroll            |       |       |     9 ||     9
       Potion            |       |       |     1 ||     1
 Stab: Sleeping          |     9 |     7 |    15 ||    31
       Confused          |       |     1 |     1 ||     2
       Distracted        |       |       |     1 ||     1
  Eat: Chunk             |     3 |     4 |    11 ||    18
Armor: Robe              |    15 |    22 |    45 ||    82
Dodge: Dodged            |    60 |    44 |   154 ||   258
